 Dungeon Crawl Stone Soup version 0.32-a0-711-g016ad743e0 (webtiles) character file.

Game seed: 13362564901914395903

5348 zikan the Cleaver (level 10, -2/83 (91) HPs)
             Began as a Mountain Dwarf Monk on Feb 28, 2024.
             Was an Elder of Wu Jian.
             Slain by a wight
             ... wielding a +2 halberd of freezing
              (5 damage)
             ... on level 9 of the Dungeon on Mar 15, 2024.
             The game lasted 00:25:46 (8411 turns).

zikan the Cleaver (Mountain Dwarf Monk)             Turns: 8411, Time: 00:25:47

HP:   -2/83 (91)    AC: 13    Str: 24    XL:     10   Next: 38%
MP:   10/10         EV: 10    Int: 11    God:    Wu Jian [****..]
Gold: 466           SH:  0    Dex: 12    Spells: 9/9 levels left

rFire   . . .        v - +2 flail (venom)
rCold   . . .        d - orb {light}
rNeg    . . .        F - +0 scale mail
rPois   .            G - +1 hat
rElec   .            t - +1 cloak
rCorr   .            (no gloves)
SInv    .            p - +0 pair of boots
Will    ++...        (no amulet) Stlth
                     E - ring of willpower
HPRegen 0.33/turn    I - +6 ring of strength
MPRegen 0.12/turn

%: no passive effects
@: confused, exhausted, ambrosia-drunk, glowing, drained
A: runic magic, artefact enchanting
a: Renounce Religion, Wall Jump, Serpent's Lash


You were on level 9 of the Dungeon.
You worshipped Wu Jian.
Wu Jian was greatly pleased with you.
You visited 2 branches of the dungeon, and saw 10 of its levels.

You collected 466 gold pieces.

Inventory:

Hand Weapons
 v - a +2 flail of venom (weapon)
 x - a +1 heavy war axe
Missiles
 b - 10 poisoned darts (quivered)
Armour
 d - an orb of light (worn)
 p - a +0 pair of boots (worn)
 t - a +1 cloak (worn)
 B - a +0 kite shield
 F - a +0 scale mail (worn)
 G - a +1 hat (worn)
Jewellery
 g - a ring of resist corrosion
 l - an amulet of faith
 y - a ring of fire
 E - a ring of willpower (left hand)
 I - a +6 ring of strength (right hand)
Wands
 C - a wand of flame (47)
 D - a wand of mindburst (13)
Scrolls
 e - a scroll of butterflies {unknown}
 f - 2 scrolls of noise {unknown}
 i - 2 scrolls of fear {unknown}
 j - 3 scrolls of enchant armour {unknown}
 m - 2 scrolls of immolation {unknown}
 n - 3 scrolls of poison {unknown}
 q - 3 scrolls of identify {unknown}
 s - a scroll of enchant weapon {unknown}
 z - 2 scrolls of teleportation {unknown}
 A - 2 scrolls of fog {unknown}
 H - 3 scrolls of revelation {unknown}
 J - a scroll of vulnerability {unknown}
 K - a scroll of blinking {unknown}
Potions
 a - 2 potions of attraction {unknown}
 h - 3 potions of resistance {unknown}
 k - 6 potions of curing {unknown}
 o - 3 potions of haste {unknown}
 r - 4 potions of enlightenment {unknown}
 u - a potion of cancellation {unknown}
 w - a potion of brilliance {unknown}


   Skills:
 + Level 9.4 Fighting
 * Level 13.2 Axes
 + Level 8.5 Armour
 - Level 2.1 Dodging


You had 9 spell levels left.
You didn't know any spells.
Your spell library contained the following spells:

 Spells                   Type           Power      Damage    Failure   Level
 Freeze                   Ice            0%         1d3       38%         1
 Blink                    Tloc           0%         N/A       54%         2
 Cigotuvi's Dreadful Rot  Necr/Alch/Air  0%         N/A       54%         2
 Lesser Beckoning         Tloc           0%         N/A       54%         2
 Momentum Strike          Conj/Tloc      0%         3d8       54%         2
 Frozen Ramparts          Ice            0%         1d1       77%         3
 Hailstorm                Conj/Ice       0%         3d5       77%         3
 Sigil of Binding         Hex            0%         N/A       77%         3
 Dispel Undead            Necr           0%         3d6       99%         4
 Martyr's Knell           Necr/Summ      0%         N/A       99%         4
 Death Channel            Necr           0%         N/A       100%        6
 Sculpt Simulacrum        Ice/Alch       0%         N/A       100%        6


Dungeon Overview and Level Annotations

Branches:
Dungeon (9/15)             Temple (1/1) D:7            Lair (0/5) D:8
    Orc: D:9-12

Altars:
Ashenzari
Cheibriados
Dithmenos
Elyvilon
Fedhas
Gozag
Hepliaklqana
Kikubaaqudgha
Makhleb
Nemelex Xobeh
Okawaru
Qazlal
Ru
Sif Muna
Trog
Uskayaw
Vehumet
Wu Jian
Xom
Yredelemnul
Zin
The Shining One
Beogh

Shops:
D:2 [


Innate Abilities, Weirdness & Mutations

Your spellcasting is much less encumbered by armour.
You can use scrolls of enchantment on lesser artefacts.


Message History

The wight hits you with a +2 halberd of freezing.
* * * LOW HITPOINT WARNING * * *
You feel drained. The wight freezes you.
* * * LOW HITPOINT WARNING * * *
Unknown command.
You bump into the rock wall.
The wight hits you with a +0 long sword!
* * * LOW HITPOINT WARNING * * *
You feel drained.
* * * LOW HITPOINT WARNING * * *
The wight hits you with a +2 halberd of freezing.
* * * LOW HITPOINT WARNING * * *
The wight freezes you.
* * * LOW HITPOINT WARNING * * *
You bump into the rock wall.
The wight barely misses you. The wight hits you but does no damage.
Unknown command.
You're too confused to move!
The wight closely misses you.
The wight hits you with a +2 halberd of freezing.
* * * LOW HITPOINT WARNING * * *
The wight freezes you.
* * * LOW HITPOINT WARNING * * *
The kobold demonologist casts a spell.
Unknown command.
You hit the wight but do no damage.
You are no longer corroded.
The wight closely misses you.
The wight hits you with a +2 halberd of freezing.
* * * LOW HITPOINT WARNING * * *
The wight freezes you.
* * * LOW HITPOINT WARNING * * *
An orc comes into view. It is wielding a +0 dagger.
A wight comes into view. It is wielding a +3 dagger.
You hit the wight.
The wight is lightly damaged.
The wight hits you with a +0 long sword.
* * * LOW HITPOINT WARNING * * *
You feel drained.
The wight hits you with a +2 halberd of freezing.
You die...

####### #.....#
####### #.....#
###.....#
#.....######.......#
+.....#......#.....#
#...†.'.######.....#
#....)### #......
###@### #.....#
#zz.# #.....# ###.#
#.....# ..# ####.##
K# #... zo ###. .#
#######. .#
##....... ....<....


You could see a kobold demonologist, 3 wights and an orc.

Vanquished Creatures
  A two-headed ogre (D:8)
  Pikel (D:5)
  Maggie (D:8)
  A yak (D:8)
  A human (D:8)
  3 hogs
  Eustachio (D:6)
  An acid dragon (D:9)
  Duvessa (D:6)
  3 water moccasins
  4 orc warriors
  A black bear (D:6)
  An ice beast (D:6)
  2 centaurs
  2 lemures (D:5)
  A kobold brigand (D:8)
  2 gnoll sergeants
  5 bullfrogs
  A scorpion (D:5)
  2 wights (D:9)
  Dowan (D:6)
  4 killer bees (D:8)
  3 howler monkeys
  A jelly (D:5)
  A bombardier beetle (D:5)
  6 orc priests
  Crazy Yiuf (D:3)
  A hound (D:6)
  3 iguanas
  9 orc wizards
  15 gnolls
  4 adders
  A ribbon worm (D:2)
  2 dart slugs
  55 orcs
  8 ball pythons
  6 endoplasms
  2 giant cockroaches (D:3)
  3 goblins
  4 hobgoblins
  7 jackals (D:2)
  4 quokkas
  3 bats
  3 frilled lizards
  8 kobolds
  2 rats (D:1)
192 creatures vanquished.

Notes
Turn   | Place    | Note
-------+----------+-------------------------------------------
     0 | D:1      | zikan the Mountain Dwarf Monk began the quest for the Orb.
     0 | D:1      | Reached XP level 1. HP: 19/19 MP: 1/1
   197 | D:1      | Found a faded altar of an unknown god.
   207 | D:1      | Reached XP level 2. HP: 26/26 MP: 2/2
   389 | D:1      | Reached skill level 1 in Armour
   458 | D:1      | Reached skill level 4 in Axes
   935 | D:1      | Upgraded the game from 0.32-a0-519-g08f29ac1c3 to
                  | 0.32-a0-711-g016ad743e0
   972 | D:2      | Found a shadowy altar of Dithmenos.
  1335 | D:2      | Reached XP level 3. HP: 33/33 MP: 3/3
  1398 | D:2      | Found Qofroocli's Antique Armour Boutique.
  1749 | D:3      | You fall into a shaft and drop 2 floors!
  1749 | D:5      | Entered Level 5 of the Dungeon
  1877 | D:3      | Found a broken altar of Ashenzari.
  2126 | D:3      | Found a shimmering altar of Xom.
  2276 | D:3      | Found a glowing golden altar of the Shining One.
  2375 | D:3      | Found a runed translucent door.
  2376 | D:3      | Noticed Crazy Yiuf
  2386 | D:3      | Killed Crazy Yiuf
  2387 | D:3      | Reached XP level 4. HP: 16/40 MP: 4/4
  2895 | D:4      | Reached XP level 5. HP: 47/47 MP: 5/5
  2902 | D:4      | Reached skill level 5 in Axes
  3020 | D:4      | Found a glowing silver altar of Zin.
  3369 | D:5      | Reached skill level 5 in Fighting
  3418 | D:5      | Reached XP level 6. HP: 41/56 MP: 6/6
  3509 | D:5      | Reached skill level 6 in Axes
  3609 | D:5      | Noticed Pikel
  3627 | D:5      | Killed Pikel
  3628 | D:5      | Reached skill level 7 in Axes
  3628 | D:5      | Reached XP level 7. HP: 35/63 MP: 7/7
  3923 | D:5      | Reached skill level 8 in Axes
  3923 | D:5      | Reached skill level 5 in Armour
  3942 | D:5      | Reached XP level 8. HP: 49/71 MP: 8/8
  4067 | D:6      | Found an ornate altar of the Wu Jian Council.
  4171 | D:6      | Became a worshipper of the Wu Jian Council
  4171 | D:6      | Reached * piety under Wu Jian
  4171 | D:6      | Reached ** piety under Wu Jian
  4282 | D:6      | Noticed Eustachio
  4297 | D:6      | Killed Eustachio
  4402 | D:6      | Reached skill level 9 in Axes
  4477 | D:6      | HP: 2/70 [gnoll sergeant/+3 spear of freezing (4)]
  4849 | D:6      | Noticed Duvessa
  4861 | D:6      | Noticed Dowan
  4864 | D:6      | Killed Duvessa
  4935 | D:6      | Killed Dowan
  5263 | D:7      | Reached skill level 10 in Axes
  5599 | D:7      | Reached XP level 9. HP: 78/79 MP: 9/9
  5832 | D:7      | Reached *** piety under Wu Jian
  5878 | D:7      | Found a staircase to the Ecumenical Temple.
  5942 | Temple   | Entered the Ecumenical Temple
  6261 | D:8      | Found a hazy altar of Hepliaklqana.
  6304 | D:8      | Reached skill level 11 in Axes
  6435 | D:8      | Found a staircase to the Lair.
  6971 | D:8      | Noticed Maggie
  6988 | D:8      | Killed Maggie
  6989 | D:8      | Reached skill level 12 in Axes
  7144 | D:8      | Noticed a two-headed ogre
  7383 | D:8      | Killed a two-headed ogre
  7384 | D:8      | Reached XP level 10. HP: 52/91 MP: 10/10
  7774 | D:8      | Found a roughly hewn altar of Beogh.
  7825 | D:8      | Reached **** piety under Wu Jian
  8132 | D:9      | Reached skill level 13 in Axes
  8407 | D:9      | HP: 3/84 [wight/+2 halberd of freezing (2)]
  8411 | D:9      | Slain by a wight

Illustrated notes

Levels and vault maps discovered:
D:1:      erik_arrival_orb_chamber, layout_basic,
          nicolae_ecumenical_snake_handling
D:2:      layout_basic, basic_altar, serial_shops, nicolae_shop_tiny_waterfront
D:3:      layout_basic, mainiacjoe_overflow_alcove_2, evilmike_ruin_ashenzari,
          tso_oasis_becter, uniq_crazy_yiuf_cottage
D:4:      layout_gridville, mainiacjoe_overflow_tiny_flanked
D:5:      layout_basic, uniq_pikel
D:6:      layout_rooms, lemuel_crystal_altar, uniq_duvessa, uniq_eustachio
D:7:      layout_cave_pools, minmay_temple_entry_junction_2
D:8:      layout_cave_pools, nicolae_hepliaklqana_hazy_memory, lair_entry_dummy,
          special_room [special_room_orc], grunt_livestock, minmay_door_square,
          uniq_maggie
D:9:      layout_roguey, kennysheep_generic_room_4
Temple:   compressed_dpeg_triangle_lava_temple

Skill      XL: |  1  2  3  4  5  6  7  8  9 10 |
---------------+-------------------------------+-----
Armour         | 1 2 3 4 5 6 8 |  8.5
Axes           | 4 5 7 8 10 12 13 | 13.2
Fighting       | 4 5 6 7 9 |  9.4
Dodging        | |  2.1

Action                     |  1- 3 |  4- 6 |  7- 9 | 10-12 || total
---------------------------+-------+-------+-------+-------++-------
  Melee: Hand axe          |   124 |    28 |       |       ||   152
         Flail             |       |    53 |   274 |    98 ||   425
         War axe           |       |     3 |       |       ||     3
  Throw: Dart              |       |     4 |    13 |       ||    17
 Invoke: Serpent's Lash    |       |       |     2 |     1 ||     3
Ability: Lunge             |       |       |    15 |     8 ||    23
         Whirlwind         |       |       |     4 |     2 ||     6
         Wall Jump         |       |       |     4 |       ||     4
    Use: Potion            |       |       |     1 |     1 ||     2
 Armour: Robe              |     4 |       |       |       ||     4
         Ring mail         |   101 |    57 |   162 |       ||   320
         Scale mail        |       |       |   108 |    84 ||   192
  Dodge: Dodged            |    80 |    35 |   156 |    50 ||   321
         Repelled          |     1 |       |       |       ||     1

Table legend: (Time is in decaauts)
 A = Elapsed time spent in this place.
 B = Non-inter-level travel time spent in this place.
 C = Inter-level travel time spent in this place.
 D = Time resting spent in this place.
 E = Time spent auto-exploring this place.
 F = Levels seen in this place.
 G = Mean time per level.
                   A        B        C        D        E       F      G
               +--------+--------+--------+--------+--------+-----+--------+
         Total |   8475 |   8268 |    207 |    206 |   6461 |  10 |  847.5 |
       Dungeon |   8434 |   8227 |    207 |    206 |   6428 |   9 |  937.1 |
        Temple |     41 |     41 |      0 |      0 |     33 |   1 |   41.0 |
               +--------+--------+--------+--------+--------+-----+--------+

Top non-repeatable levels by time:
     D:8: 1436 daAuts
     D:6: 1300 daAuts
     D:7: 1246 daAuts
     D:1: 968 daAuts
     D:5: 881 daAuts
     D:3: 798 daAuts
     D:4: 772 daAuts
     D:2: 746 daAuts
     D:9: 283 daAuts
  Temple: 41 daAuts
